cohdb
Replays
Latest Replays
All Replays
Popular Replays
Top Player Replays
Match Explorer
How It Works
Community
CoH3 Stats
Reddit
Sign in to upload your games and track your stats! →
Sign in with Steam
Match 37842158
Unlisted
Match 37842158
Overview
Messages
Build Orders
End
Royal Engineer Section
Selects Indian Artillery Battlegroup
Construct Section Command Post
Infantry Section
Infantry Section
Infantry Section
Selects War Cry
Construct Platoon Command Post
Selects Gurkha Rifles Section
Humber Armored Car
Gurkha Rifles Section
Selects Volunteer Infantry
6-pounder Anti-tank Gun Team
Infantry Training
Selects Towed ML 4.2-inch Heavy Mortar
Construct Company Command Post
Selects Off-map Airburst Barrage
Foot Guards Section
Grenade Package
STALKER4732
kit.ohume
Grizzly
jenscher89
0
0
Comments
sign in to comment!
No comments posted yet!